 Dungeon Crawl Stone Soup version 0.27.1-1-g398f81649c (webtiles) character file.

Game seed: 11094981051249711627

1484 Descartes the Covert (level 8, -3/39 HPs)
             Began as a Spriggan Delver on Sept 18, 2021.
             Slain by a kobold (5 damage)
             ... on level 6 of the Dungeon.
             The game lasted 00:08:12 (8305 turns).

Descartes the Covert (Spriggan Delver)              Turns: 8305, Time: 00:08:13

Health: -3/39      AC:  6    Str: 10    XL:     8   Next: 50%
Magic:  9/9        EV: 21    Int: 12    God:
Gold:   277        SH:  0    Dex: 16    Spells: 7/7 levels left

rFire    . . .     SeeInvis +   a - +2 dagger (pain)
rCold    . . .     Faith    .   (shield restricted)
rNeg     . . .     Spirit   .   b - +0 robe
rPois    .         Reflect  .   (helmet restricted)
rElec    .         Harm     .   (no cloak)
rCorr    .         Rampage  .   (gloves unavailable)
Will     +....                  (boots unavailable)
Stlth    +++++.....             (no amulet)
HPRegen  0.13/turn              q - +4 ring of protection
MPRegen  0.11/turn              v - ring of flight

@: flying, very quick
A: very small, no large weapons, unfitting armour, see invisible, speed 3
a: no special abilities


You were on level 6 of the Dungeon.
You visited 2 branches of the dungeon, and saw 7 of its levels.

You collected 277 gold pieces.

Inventory:

Hand Weapons
 a - a +2 dagger of pain (weapon)
 n - a +0 hunting sling
Missiles
 r - 156 stones (quivered)
 s - 25 poisoned darts
 t - 57 arrows
 u - 44 sling bullets
 x - 4 boomerangs
 y - 57 bolts
Armour
 b - a +0 robe (worn)
Jewellery
 q - a +4 ring of protection (left hand)
 v - a ring of flight (right hand)
 C - a ring of poison resistance
Wands
 g - a wand of digging (9)
Scrolls
 c - 2 scrolls of fog
 d - 2 scrolls of magic mapping
 e - a scroll of fear
 h - 3 scrolls of teleportation {unknown}
 i - 4 scrolls of identify {unknown}
 j - a scroll of enchant armour {unknown}
 p - 2 scrolls of enchant weapon {unknown}
 w - 2 scrolls of noise {unknown}
 B - a scroll of vulnerability {unknown}
Potions
 f - 3 potions of haste
 k - a potion of brilliance {unknown}
 l - a potion of degeneration {unknown}
 m - 4 potions of heal wounds {unknown}
 o - 2 potions of curing {unknown}
 z - a potion of cancellation {unknown}
 A - a potion of mutation {unknown}


   Skills:
 - Level 2.4 Fighting
 + Level 5.8 Short Blades
 + Level 7.0 Dodging
 * Level 12.7 Stealth
 - Level 3.0 Necromancy


You had 7 spell levels left.
You didn't know any spells.
Your spell library contained the following spells:

 Spells                   Type           Power      Damage    Failure   Level
 Corpse Rot               Necr/Air       N/A        N/A       26%         2
 Summon Small Mammal      Summ           0%         N/A       32%         1
 Static Discharge         Conj/Air       0%         N/A       45%         2
 Dispel Undead            Necr           7%         3d8       67%         4
 Call Canine Familiar     Summ           0%         N/A       69%         3
 Frozen Ramparts          Ice            0%         1d2       69%         3
 Summon Guardian Golem    Hex/Summ       0%         N/A       69%         3
 Ice Form                 Ice/Tmut       0%         N/A       97%         4
 Summon Ice Beast         Ice/Summ       0%         N/A       97%         4
 Lightning Bolt           Conj/Air       0%         1d11      100%        5
 Death Channel            Necr           3%         N/A       100%        6
 Maxwell's Capacitive Co  Air            0%         ∞         100%        8


Dungeon Overview and Level Annotations

Branches:
Dungeon (6/15)             Temple (1/1) D:6

Altars:
Cheibriados
Gozag
Hepliaklqana
Kikubaaqudgha
Nemelex Xobeh
Qazlal
Ru
Sif Muna
Trog
Uskayaw
Vehumet
Xom
Yredelemnul
Lugonu


Innate Abilities, Weirdness & Mutations

You are very small and have problems with some larger weapons.
You are too small for most types of armour.
You have supernaturally acute eyesight. (SInv)
You cover ground extremely quickly. (Speed+++)


Message History

You are too injured to fight recklessly!
You are too injured to fight recklessly!
You are too injured to fight recklessly!
You are too injured to fight recklessly!
You are too injured to fight recklessly!
You are too injured to fight recklessly!
You are too injured to fight recklessly!
You barely miss the kobold brigand.
The kobold brigand is moderately wounded.
The orc misses you. The kobold completely misses you.
The orc completely misses you. The kobold completely misses you.
Unknown command.
You hit the kobold brigand.
The kobold brigand writhes in agony.
The kobold brigand is heavily wounded.
The kobold brigand closely misses you. The orc hits you but does no damage.
You hit the kobold brigand.
The kobold brigand is heavily wounded.
The kobold barely misses you. The orc misses you.
The kobold hits you with a +0 short sword.
The kobold brigand hits you with a +0 short sword!
* * * LOW HITPOINT WARNING * * *
The orc hits you with a +0 club.
* * * LOW HITPOINT WARNING * * *
You hit the kobold brigand.
The kobold brigand writhes in agony.
The kobold brigand is almost dead.
The kobold misses you. The orc hits you with a +0 mace.
* * * LOW HITPOINT WARNING * * *
The kobold hits you with a +0 short sword.
* * * LOW HITPOINT WARNING * * *
You barely miss the kobold brigand.
The kobold brigand is almost dead.
The kobold brigand completely misses you.
The orc hits you with a +0 club.
* * * LOW HITPOINT WARNING * * *
Unknown command.
You miss the kobold brigand.
The kobold brigand is almost dead.
The kobold closely misses you. The orc closely misses you.
The kobold hits you with a +0 short sword.
You die...

######...............
#..........##........
#.#######.###########
#.#.......#
#.#.########
#...........
#...........
#...oo......
#...@K......
#...KK......
#...........
.............
...............
...............
.....########## .....


You could see a kobold brigand, 2 orcs and 2 kobolds.

Vanquished Creatures
  2 centaur zombies
  3 necrophages
  2 ogres
  A bullfrog (D:6)
  3 scorpions
  2 bullfrog zombies (D:5)
  4 hounds
  An orc wizard (D:5)
  2 hound skeletons
  A mummy (D:6)
  2 gnolls (D:2)
  9 adders
  An ufetubus (D:6)
  A worm (D:3)
  2 dart slugs
  14 orcs
  10 ball pythons
  4 bats
  5 endoplasms
  3 giant cockroaches
  7 goblins
  6 hobgoblins
  4 jackals (D:5)
  6 kobolds
  5 quokkas (D:4)
  2 frilled lizards (D:2)
  A hobgoblin zombie (D:6)
  3 kobold zombies (D:6)
  24 rats
130 creatures vanquished.

Notes
Turn   | Place    | Note
-------+----------+-------------------------------------------
     0 | D:5      | Descartes the Spriggan Delver began the quest for the Orb.
     0 | D:5      | Reached XP level 1. HP: 11/11 MP: 2/2
    12 | D:5      | Noticed a hound
    13 | D:5      | Noticed an ogre
    15 | D:5      | Killed a hound
    16 | D:5      | Reached skill level 8 in Stealth
    16 | D:5      | Reached XP level 2. HP: 16/16 MP: 3/3
   658 | D:3      | Reached XP level 3. HP: 19/19 MP: 4/4
  1395 | D:2      | Found a faded altar of an unknown god.
  2674 | D:2      | Reached XP level 4. HP: 23/23 MP: 5/5
  3673 | D:2      | Found a stormy altar of Qazlal.
  4097 | D:2      | Reached skill level 9 in Stealth
  4097 | D:2      | Reached XP level 5. HP: 8/27 MP: 6/6
  4929 | D:4      | Reached skill level 1 in Necromancy
  5620 | D:4      | Reached XP level 6. HP: 32/32 MP: 7/7
  6170 | D:5      | Reached skill level 10 in Stealth
  6518 | D:5      | Reached skill level 5 in Dodging
  6518 | D:5      | Reached XP level 7. HP: 35/35 MP: 8/8
  6553 | D:5      | Reached skill level 11 in Stealth
  6795 | D:5      | Reached skill level 5 in Short Blades
  7023 | D:5      | Reached XP level 8. HP: 39/39 MP: 9/9
  7161 | D:5      | Reached skill level 12 in Stealth
  7903 | D:6      | Found a hide-covered altar of Uskayaw.
  8071 | D:6      | Found a staircase to the Ecumenical Temple.
  8079 | Temple   | Entered the Ecumenical Temple
  8305 | D:6      | Slain by a kobold

Illustrated notes

Levels and vault maps discovered:
D:1:      psy_arrival_spokes, layout_loops_ring, kennysheep_small_spiral
D:2:      layout_loops_corners, shapermc_ecumenical_altar_totnotflames,
          basic_altar, chequers_jeans, minmay_indecisive_spiral
D:3:      layout_basic, minmay_cupped
D:4:      layout_basic, minmay_rat_hole
D:5:      layout_cave_pods
D:6:      layout_basic, mainiacjoe_overflow_tiny_flanked,
          minmay_temple_entry_gardened_gates, minmay_mini_ossuary
Temple:   kb_corrupted_temple

Skill      XL: |  1  2  3  4  5  6  7  8 |
---------------+-------------------------+-----
Dodging        | 3 4 5 6 7 |  7.0
Stealth        | 8 9 10 11 12 | 12.7
Short Blades   | 3 4 5 |  5.8
Necromancy     | 1 2 3 |  3.0
Fighting       | |  2.4

Action                   |  1- 3 |  4- 6 |  7- 9 || total
-------------------------+-------+-------+-------++-------
Melee: Short sword       |    85 |    45 |       ||   130
       Dagger            |       |   257 |   239 ||   496
 Stab: Sleeping          |    15 |    17 |     6 ||    38
       Distracted        |     1 |     1 |     1 ||     3
Armor: Robe              |     7 |    67 |    40 ||   114
Dodge: Dodged            |    52 |   280 |   253 ||   585
